 Dungeon Crawl Stone Soup version 0.30-a0-622-gddc90eaa04 (webtiles) character file.

Game seed: 9121447751529142437

51 tsouns the Chiller (level 3, -8/33 HPs)
             Began as a Troll Ice Elementalist on Jan 11, 2023.
             Mangled by Crazy Yiuf
             ... wielding a +2 quarterstaff of chaos
              (14 damage)
             ... on level 2 of the Dungeon.
             The game lasted 00:01:12 (494 turns).

tsouns the Chiller (Troll Ice Elementalist)          Turns: 494, Time: 00:01:13

Health: -8/33      AC:  4    Str: 16    XL:     3   Next: 57%
Magic:  2/3        EV:  9    Int: 13    God:
Gold:   20         SH:  0    Dex: 10    Spells: 3/4 levels left

rFire   . . .      SeeInvis .      - Unarmed
rCold   . . .      Faith    .    (no shield)
rNeg    . . .      Spirit   .    a - +0 robe
rPois   .          Reflect  .    (helmet restricted)
rElec   .          Harm     .    (no cloak)
rCorr   .          Rampage  .    (gloves unavailable)
Will    .....                    (boots unavailable)
Stlth   +                        (no amulet)
HPRegen 1.05/turn                (no ring)
MPRegen 0.08/turn                (no ring)

@: lethally poisoned (-8 -> -12), about to teleport
A: large, unfitting armour, claws 3, regeneration 1, shaggy fur 1, tough skin 1
a: no special abilities


You were on level 2 of the Dungeon.
You visited 1 branch of the dungeon, and saw 2 of its levels.

You collected 20 gold pieces.

Inventory:

Armour
 a - a +0 robe (worn)
Potions
 b - a potion of magic


   Skills:
 + Level 1.3 Fighting
 - Level 1.5 Dodging
 - Level 1.0 Stealth
 + Level 1.7 Unarmed Combat
 - Level 1.2 Spellcasting
 + Level 3.3 Ice Magic


You had 3 spell levels left.
You knew the following spells:

 Your Spells              Type           Power      Damage    Failure   Level
a - Freeze                Ice            36%        1d5       7%          1

Your spell library contained the following spells:

 Spells                   Type           Power      Damage    Failure   Level
 Frozen Ramparts          Ice            18%        1d3       22%         3
 Ozocubu's Armour         Ice            9%         N/A       22%         3
 Summon Ice Beast         Ice/Summ       5%         N/A       80%         4


Dungeon Overview and Level Annotations

Branches:
Dungeon (1/15)

Altars:

Annotations:
D:2 Crazy Yiuf


Innate Abilities, Weirdness & Mutations

You are too large for most types of armour.
You have claws for hands.
Your natural rate of healing is unusually fast.
You are covered in fur. (AC +1)
You have tough skin. (AC +1)


Message History

Found three hammers.
You see here a +0 hammer.
Found six hammers and a polished hammer.
Found a runed translucent door.
You see here a +0 hammer.
Found a hammer.
You see here a +0 hammer.
You see here a +0 hammer.
Found three hammers.
You see here a +0 hammer.
You open the door.
There is an open translucent door here.
You see here a +0 hammer.
Crazy Yiuf shouts!
Crazy Yiuf hits you but does no damage.
You see here a +0 hammer.
You completely miss Crazy Yiuf.
Crazy Yiuf hits you with a +2 quarterstaff of chaos!
Crazy Yiuf freezes you.
Casting: Freeze (safe; 7% risk of failure)
Confirm with . or Enter, or press ? or * to list all spells.
Aiming: Freeze (safe; 7% risk of failure)
Press: ? - help, Shift-Dir - straight line, f - Crazy Yiuf
Aim: Crazy Yiuf, wielding a +2 quarterstaff of chaos and wearing a +0 cloak You freeze Crazy Yiuf.
Crazy Yiuf is lightly wounded.
Crazy Yiuf hits you with a +2 quarterstaff of chaos!
You scratch Crazy Yiuf.
Crazy Yiuf is moderately wounded.
Crazy Yiuf hits you with a +2 quarterstaff of chaos!
You are poisoned.
* * * LOW HITPOINT WARNING * * *
You feel very sick.
You see here a +0 hammer.
As you read the scroll labelled VUOL LEJEOSYIT, it crumbles to dust.
You feel strangely unstable.
It was a scroll of teleportation.
* * * LOW HITPOINT WARNING * * *
You feel very sick.
Crazy Yiuf hits you with a +2 quarterstaff of chaos!
You die...

#.#.......######'#########
#.#.......##.............#
#.#.......++.......#####.#
#.#.....############ #.#
#.#.....# #.## #...###
#..# +...# ##### ♣♣###.#
#)))#♣♣ ♣♣.....#
#.g@')♣♣♣♣......#
#)))#♣))♣).....##
#####♣♣♣)♣)...## ♣♣♣♣♣###


You could see Crazy Yiuf.

Vanquished Creatures
  Jessica (D:2)
  An adder (D:2)
  A worm (D:2)
  A dart slug (D:1)
  3 bats (D:2)
  A goblin (D:2)
  A hobgoblin (D:2)
  2 kobolds
  A quokka (D:1)
12 creatures vanquished.

Vanquished Creatures (others)
  A plant (D:1)
1 creature vanquished.

Grand Total: 13 creatures vanquished

Notes
Turn   | Place    | Note
-------+----------+-------------------------------------------
     0 | D:1      | tsouns the Troll Ice Elementalist began the quest for the
                  | Orb.
     0 | D:1      | Reached XP level 1. HP: 16/16 MP: 1/1
   123 | D:1      | Reached skill level 3 in Ice Magic
   189 | D:1      | You fall into a shaft and drop 1 floor!
   205 | D:2      | Noticed Jessica
   208 | D:2      | Killed Jessica
   209 | D:2      | Reached skill level 1 in Fighting
   209 | D:2      | Reached skill level 1 in Unarmed Combat
   209 | D:2      | Reached XP level 2. HP: 25/27 MP: 2/2
   209 | D:2      | Reached XP level 3. HP: 31/33 MP: 3/3
   482 | D:2      | Found a runed translucent door.
   483 | D:2      | Noticed Crazy Yiuf
   494 | D:2      | Mangled by Crazy Yiuf

Illustrated notes

Levels and vault maps discovered:
D:1:      nagdon_arrival_double_spiral, layout_basic,
          nicolae_ecumenical_lake_church, serial_bayou_ford_a
D:2:      layout_basic, uniq_crazy_yiuf_cottage, uniq_robin, uniq_jessica

Skill      XL: |  1 |
---------------+----+-----
Ice Magic      | 3 |  3.3
Fighting       | 1 |  1.3
Unarmed Combat | 1 |  1.7
Dodging        | |  1.5
Stealth        | |  1.0
Spellcasting   | |  1.2

Action                   || total
-------------------------++-------
Melee: Unarmed           ||    47
 Cast: Freeze            ||     1
  Use: Scroll            ||     1
Armor: Robe              ||    17
Dodge: Dodged            ||    21

Table legend: (Time is in decaauts)
 A = Elapsed time spent in this place.
 B = Non-inter-level travel time spent in this place.
 C = Inter-level travel time spent in this place.
 D = Time resting spent in this place.
 E = Time spent auto-exploring this place.
 F = Levels seen in this place.
 G = Mean time per level.
                   A        B        C        D        E       F      G
               +--------+--------+--------+--------+--------+-----+--------+
         Total |    493 |    493 |      0 |      0 |    369 |   2 |  246.5 |
       Dungeon |    493 |    493 |      0 |      0 |    369 |   2 |  246.5 |
               +--------+--------+--------+--------+--------+-----+--------+

Top non-repeatable levels by time:
     D:2: 304 daAuts
     D:1: 189 daAuts
